 Dungeon Crawl Stone Soup version 0.28.0-53-g5a82cb258f (webtiles) character file.

Game seed: 2614278256859249695

37 Sin92 the Skirmisher (level 3, 0/29 HPs)
             Began as a Demonspawn Fighter on Aug 5, 2022.
             Slain by a gnoll
             ... wielding a +0 whip
              (6 damage)
             ... on level 1 of the Dungeon.
             The game lasted 00:01:06 (1109 turns).

Sin92 the Skirmisher (Demonspawn Fighter)           Turns: 1109, Time: 00:01:06

Health: 0/29       AC:  6    Str: 16    XL:     3   Next: 21%
Magic:  3/3        EV:  8    Int:  9    God:
Gold:   28         SH:  5    Dex: 14    Spells: 2/2 levels left

rFire   . . .      SeeInvis .   a - +0 flail
rCold   . . .      Faith    .   c - +0 buckler
rNeg    . . .      Spirit   .   b - +0 scale mail
rPois   .          Reflect  .   (no helmet)
rElec   .          Harm     .   (no cloak)
rCorr   .          Rampage  .   (no gloves)
Will    .....                   (no boots)
Stlth   ..........              (no amulet)
HPRegen 0.09/turn               (no ring)
MPRegen 0.08/turn               (no ring)

@: no status effects
A: powered by pain 1
a: no special abilities


You were on level 1 of the Dungeon.
You visited 1 branch of the dungeon, and saw 1 of its levels.

You collected 28 gold pieces.

Inventory:

Hand Weapons
 a - a +0 flail (weapon)
Armour
 b - a +0 scale mail (worn)
 c - a +0 buckler (worn)
Scrolls
 e - a scroll of amnesia {unknown}
 h - a scroll of torment {unknown}
 i - a scroll of enchant armour {unknown}
 j - a scroll of fog {unknown}
Potions
 d - a potion of might
 f - a potion of curing {unknown}
 g - 2 potions of invisibility {unknown}
 k - a potion of attraction {unknown}
 l - 2 potions of haste {unknown}


   Skills:
 + Level 3.2 Fighting
 * Level 2.5 Maces & Flails
 + Level 3.0 Armour
 + Level 3.0 Shields


You had 2 spell levels left.
You didn't know any spells.
Your spell library contained the following spells:

 Spells                   Type           Power      Damage    Failure   Level
 Magic Dart               Conj           0%         1d3       88%         1
 Searing Ray              Conj           0%         2d4       96%         2
 Sublimation of Blood     Necr           0%         N/A       96%         2
 Wereblood                Tmut           0%         N/A       96%         2
 Fulminant Prism          Conj/Hex       0%         3d6       100%        4
 Summon Hydra             Summ           0%         N/A       100%        7


Dungeon Overview and Level Annotations

Branches:
Dungeon (1/15)

Altars:


Innate Abilities, Weirdness & Mutations

You sometimes gain a little power by taking damage.


Message History

Things that are here:
a +0 club; a goblin corpse A gnoll is nearby!
A gnoll is nearby!
A gnoll is nearby!
You barely miss the gnoll. The gnoll hits you but does no damage.
A gnoll is nearby!
You hit the gnoll.
The gnoll is moderately wounded.
The gnoll closely misses you.
A goblin comes into view. It is wielding a +0 dagger.
The gnoll hits you with a +0 whip.
There are monsters nearby!
You barely miss the gnoll.
The gnoll is moderately wounded.
The goblin shouts!
The gnoll hits you but does no damage.
There are monsters nearby!
You hit the gnoll.
The gnoll is moderately wounded.
You block the gnoll's attack.
You completely miss the gnoll.
The gnoll is moderately wounded.
The gnoll hits you with a +0 whip.
You hit the gnoll but do no damage.
The gnoll is moderately wounded.
The gnoll barely misses you. The gnoll hits you but does no damage.
You closely miss the gnoll.
The gnoll is moderately wounded.
The goblin hits you with a +0 dagger. The gnoll hits you with a +0 whip.
The goblin completely misses you. The gnoll hits you with a +0 whip.
You sock the gnoll!
The gnoll is almost dead.
The gnoll hits you with a +0 whip.
* * * LOW HITPOINT WARNING * * *
You closely miss the gnoll.
The gnoll is almost dead.
The gnoll hits you with a +0 whip.
You die...

####.................. #
#................. #
......... #### #......#
....##### #......#
........####......#
............#..#########
#..............#≈≈≈≈≈≈≈≈
..........(.).gg@.......
...............#≈≈≈≈≈≈≈≈
...............#########
........#....#.....
.....####.......#..
.....+ .........# ..
.....# #........+ .
.♣♣..# #........# ♣.♣..#
#........#


You could see a gnoll and a goblin.

Vanquished Creatures
  A dart slug (D:1)
  5 endoplasms (D:1)
  A giant cockroach (D:1)
  4 goblins (D:1)
  A hobgoblin (D:1)
  4 jackals (D:1)
  3 kobolds (D:1)
  2 quokkas (D:1)
  A ball python (D:1)
  2 bats (D:1)
  3 frilled lizards (D:1)
  3 rats (D:1)
30 creatures vanquished.

Notes
Turn   | Place    | Note
-------+----------+-------------------------------------------
     0 | D:1      | Sin92 the Demonspawn Fighter began the quest for the Orb.
     0 | D:1      | Reached XP level 1. HP: 18/18 MP: 1/1
   254 | D:1      | Gained mutation: You sometimes gain a little power by
                  | taking damage. [demonic ancestry]
   254 | D:1      | Reached XP level 2. HP: 24/24 MP: 2/2
   858 | D:1      | Reached XP level 3. HP: 21/29 MP: 3/3
   981 | D:1      | Found a faded altar of an unknown god.
  1109 | D:1      | Slain by a gnoll

Illustrated notes

Levels and vault maps discovered:
D:1:      psy_arrival_fountain, layout_basic,
          shapermc_ecumenical_altar_totnotflames, minmay_misc_feat_four_crosses,
          minmay_misc_feat_doors, amcnicky_mini_rare_corridor_liquid,
          grunt_decor_fettered

Skill      XL: |  1  2  3 |
---------------+----------+-----
Maces & Flails | 2 |  2.5
Shields        | 3 |  3.0
Armour         | 3 |  3.0
Fighting       | |  3.2

Action                   || total
-------------------------++-------
Melee: Flail             ||   103
Armor: Scale mail        ||    61
Dodge: Dodged            ||    48
Block: Buckler           ||    20
